 Dungeon Crawl Stone Soup version 0.17-a0-1481-gfdcec5c (webtiles) character file.

545 urechis the Frost Mage (level 7, -2/46 HPs)
             Began as a Merfolk Ice Elementalist on July 4, 2015.
             Slain by a scorpion (8 damage)
             ... on level 5 of the Dungeon.
             The game lasted 00:14:43 (5225 turns).

urechis the Frost Mage (Merfolk Ice Elementalist)   Turns: 5225, Time: 00:14:43

Health: -2/46      AC:  2    Str: 16    XL:     7   Next: 27%
Magic:  1/10       EV: 17    Int: 14    God:
Gold:   296        SH:  6    Dex: 20    Spells: 4 memorised, 0 levels left

rFire  + . .     SeeInvis .     a - +0 trident
rCold  + . .     Clarity  .     r - +0 robe {rC+ rF+}
rNeg   . . .     SustAt   .     (no shield)
rPois  .         Gourm    .     (no helmet)
rElec  .         Spirit   .     (no cloak)
rCorr  .         Warding  .     (no gloves)
rMut   .         Stasis   .     (boots currently unavailable)
MR     .....                    (no amulet)
Stlth  +++.......               y - +5 ring of dexterity
                                x - +6 ring of strength

@: icy shield, very quick, not resistant to hostile enchantments, fairly
stealthy
A: change form in water, swift swim
a: no special abilities


You were on level 5 of the Dungeon.
You were hungry.

You visited 1 branch of the dungeon, and saw 5 of its levels.

You collected 296 gold pieces.

Inventory:

Hand weapons
 a - a +0 trident (weapon)
 b - a +2 whip of venom
Armour
 n - a +0 leather armour
 r - a +0 robe of resistance (worn)
Jewellery
 x - a +6 ring of strength (left hand)
 y - a +5 ring of dexterity (right hand)
Magical devices
 u - a wand of flame (19)
 v - a wand of cold (11)
Scrolls
 f - a scroll of enchant weapon {unknown}
 g - a scroll of enchant armour {unknown}
 i - 7 scrolls of teleportation {unknown}
 l - a scroll of identify {unknown}
 m - a scroll of remove curse {unknown}
 o - a scroll of noise {unknown}
 s - 2 scrolls of amnesia {unknown}
 t - 2 scrolls of blinking {unknown}
Potions
 e - a potion of curing
 h - 2 potions of flight {unknown}
 p - 2 potions of degeneration {unknown}
 q - a potion of agility {unknown}
 w - a potion of magic {unknown}
 A - a potion of poison {unknown}
Books
 k - a book of Frost

   Spells                             Type                      Level
   a - Freeze                         Ice                          1
   b - Throw Frost                    Conjuration/Ice              2
   c - Ozocubu's Armour               Charms/Ice                   3
   d - Throw Icicle                   Conjuration/Ice              4
   e - Summon Ice Beast               Ice/Summoning                4
   f - Condensation Shield            Ice                          4
Comestibles
 c - 5 bread rations
 d - a fruit
 j - a beef jerky


   Skills:
 + Level 4.3 Polearms
 - Level 2.6 Dodging
 - Level 2.1 Stealth
 - Level 2.0 Spellcasting
 - Level 0.7 Conjurations
 - Level 8.2 Ice Magic


You couldn't memorise any spells.
You knew the following spells:

 Your Spells              Type           Power        Failure   Level  Hunger
a - Freeze                Ice            ###.         1%          1    ##.....
b - Throw Frost           Conj/Ice       ##....       10%         2    ###....
c - Condensation Shield   Ice            ###.......   10%         4    #####..
d - Ozocubu's Armour      Chrm/Ice       ##......     14%         3    ####...


Dungeon Overview and Level Annotations

Branches:
Dungeon (5/15)
 Temple: D:4-7

Altars:
Cheibriados


Message History

Press: ? - help, Shift-Dir - straight line, f/p - scorpion
Aim: a scorpion (lightly wounded)
You freeze the scorpion.
The scorpion is moderately wounded.
The scorpion barely misses you.
Casting: Freeze
Confirm with . or Enter, or press ? or * to list all spells.
Aiming: Freeze
Press: ? - help, Shift-Dir - straight line, f/p - scorpion
Aim: a scorpion (moderately wounded)
You freeze the scorpion.
The scorpion is heavily wounded.
The scorpion stings you!
* * * LOW HITPOINT WARNING * * *
You closely miss the scorpion.
The scorpion is heavily wounded.
The scorpion stings you.
* * * LOW HITPOINT WARNING * * *
The scorpion stings you!
You die...

########## #.........#
#.........# #.........#
#.........## #.......≈..#
#.. #.....≈≈≈≈.#>...
#.....≈≈≈≈...#
#.....≈@≈≈...#
#.....s≈≈....#
#............#
#....##.#....#
###....##........
########......#######.##.
<.....##......# .#
#####.##......# #
#..)......#


You could see a scorpion.

Vanquished Creatures
  A scorpion (D:4)
  2 giant frog zombies (D:5)
  A hound (D:4)
  2 centaur skeletons (D:4)
  An orc priest (D:3)
  2 iguanas
  2 orc wizards (D:4)
  2 worker ants (D:4)
  9 adders (D:2)
  An adder skeleton (D:4)
  An adder zombie (D:5)
  A worm (D:4)
  A giant gecko (D:2)
  9 orcs
  A ball python (D:2)
  A bat zombie (D:5)
  6 giant cockroaches
  7 goblins
  10 hobgoblins
  3 jackals (D:1)
  8 kobolds
  A quokka (D:3)
  5 bats
  2 giant newts
  A quokka skeleton (D:4)
  3 rats
83 creatures vanquished.

Notes
Turn   | Place    | Note
--------------------------------------------------------------
     0 | D:1      | urechis the Merfolk Ice Elementalist began the quest for the Orb.
     0 | D:1      | Reached XP level 1. HP: 13/13 MP: 3/3
    39 | D:1      | Found a snail-covered altar of Cheibriados.
   395 | D:1      | Reached XP level 2. HP: 19/19 MP: 0/5
   495 | D:1      | Reached skill level 4 in Ice Magic
  1044 | D:2      | Reached XP level 3. HP: 7/24 MP: 3/6
  1314 | D:2      | Reached skill level 5 in Ice Magic
  1314 | D:2      | HP: 1/24 [giant cockroach (1)]
  1690 | D:2      | Learned a level 2 spell: Throw Frost
  1704 | D:2      | Reached XP level 4. HP: 25/30 MP: 1/7
  2247 | D:2      | Reached skill level 6 in Ice Magic
  2327 | D:3      | Reached XP level 5. HP: 32/35 MP: 8/8
  2928 | D:3      | Learned a level 4 spell: Condensation Shield
  3469 | D:4      | Reached skill level 7 in Ice Magic
  3469 | D:4      | Reached XP level 6. HP: 33/41 MP: 9/9
  4671 | D:4      | Reached skill level 8 in Ice Magic
  4715 | D:4      | Reached skill level 1 in Polearms
  4848 | D:4      | Reached XP level 7. HP: 31/46 MP: 10/10
  4895 | D:4      | Learned a level 3 spell: Ozocubu's Armour
  4937 | D:5      | Entered Level 5 of the Dungeon
  5225 | D:5      | Slain by a scorpion

Vault maps used:
D:1:      lightli_arrival_maybe_door_vault, kennysheep_small_spiral,
          kennysheep_flooded_box
D:2:      hangedman_decor_peaks_small
D:4:      first_bread
D:5:      grunt_temple_overflow_open, serial_shops, nicolae_shop_waterfront,
          serial_undead, serial_undead_c, serial_undead_c, serial_undead_f,
          serial_undead_f, tgw_kikubaaqudgha

Action                   |  1- 3 |  4- 6 |  7- 9 || total
-------------------------+-------+-------+-------++-------
Melee: Unarmed           |     2 |       |       ||     2
       Club              |    28 |       |       ||    28
       Whip              |    22 |    89 |       ||   111
       Trident           |       |    17 |    55 ||    72
 Cast: Freeze            |    23 |    24 |     3 ||    50
       Throw Frost       |     2 |    44 |     1 ||    47
       Condensation Shie |       |     1 |     2 ||     3
       Ozocubu's Armour  |       |       |     3 ||     3
  Use: Potion            |       |       |     1 ||     1
 Stab: Sleeping          |     3 |     1 |       ||     4
  Eat: Chunk             |     1 |    13 |     3 ||    17
       Fruit             |       |     2 |       ||     2
